 Dungeon Crawl Stone Soup version 0.19.5 (webtiles) character file.

6 tidbits the Changer (level 1, 0/13 HPs)
             Began as a High Elf Wanderer on Oct 31, 2017.
             Slain by a hobgoblin
             ... wielding a +0 club
              (3 damage)
             ... on level 1 of the Dungeon.
             The game lasted 00:01:14 (87 turns).

tidbits the Changer (High Elf Wanderer)               Turns: 87, Time: 00:01:14

Health: 0/13       AC:  5    Str: 12    XL:     1   Next: 75%
Magic:  3/3        EV: 11    Int: 16    God:
Gold:   19         SH:  0    Dex: 12    Spells: 0 memorised, 2 levels left

rFire  . . .     SeeInvis .     a - +0 club
rCold  . . .     Gourm    .     d - +2 leather armour
rNeg   . . .     Faith    .     (no shield)
rPois  .         Spirit   .     (no helmet)
rElec  .         Reflect  .     (no cloak)
rCorr  .         Harm     .     (no gloves)
MR     .....                    (no boots)
Stlth  ++........               (no amulet)
                                (no ring)
                                (no ring)

@: no status effects
A: no striking features
a: no special abilities


You were on level 1 of the Dungeon.
You were not hungry.

You visited 1 branch of the dungeon, and saw 1 of its levels.

You collected 19 gold pieces.

Inventory:

Hand Weapons
 a - a +0 club (weapon)
 b - a +0 dagger
Armour
 d - a +2 leather armour (worn)
Scrolls
 g - a scroll of fear {unknown}
Books
 e - the Almanac of Ignition

   Spells                             Type                      Level
   a - Flame Tongue                   Conjuration/Fire             1
   b - Conjure Flame                  Conjuration/Fire             3
 f - the Guide on Transmigration

   Spells                             Type                      Level
   a - Sticks to Snakes               Transmutation                2
   b - Passwall                       Transmutation/Earth          2
Comestibles
 c - 2 bread rations


   Skills:
 + Level 1.5 Fighting
 + Level 1.5 Dodging
 - Level 2.1 Stealth
 - Level 1.2 Spellcasting
   Level 1.7 Summonings
   Level 2.1 Transmutations
   Level 1.0 Evocations


You had 2 spell levels left.
You didn't know any spells.

Dungeon Overview and Level Annotations

Branches:
Dungeon (1/15)

Altars:


Message History

Things that are here:
a club; a giant cockroach corpse A rat comes into view.
Found 19 gold pieces and a bread ration.
You see here 19 gold pieces.
You now have 19 gold pieces.
You see here a bread ration.
f - 2 bread rations (gained 1)
A hobgoblin comes into view. It is wielding a club.
The rat barely misses you.
You hit the rat.
The rat is moderately wounded.
The rat bites you but does no damage.
You hit the rat.
The rat is severely wounded.
The rat bites you but does no damage. The rat barely misses you.
You barely miss the rat.
The rat is severely wounded.
The rat misses you.
You closely miss the rat.
The rat is severely wounded.
The rat bites you but does no damage.
You hit the rat.
You kill the rat!
A giant cockroach comes into view.
A goblin comes into view.
The giant cockroach closely misses you.
You hit the giant cockroach.
The giant cockroach is heavily wounded.
The giant cockroach closely misses you.
You hit the giant cockroach but do no damage.
The giant cockroach is heavily wounded.
The giant cockroach bites you.
The giant cockroach bites you but does no damage.
You barely miss the giant cockroach.
The giant cockroach is heavily wounded.
The giant cockroach bites you but does no damage.
You hit the giant cockroach.
The giant cockroach is almost dead.
The giant cockroach barely misses you.
The giant cockroach bites you but does no damage.
You closely miss the giant cockroach.
The giant cockroach is severely wounded.
The giant cockroach misses you. The giant cockroach closely misses you.
You barely miss the giant cockroach.
The giant cockroach is severely wounded.
The giant cockroach misses you.
You barely miss the giant cockroach.
The giant cockroach is severely wounded.
The giant cockroach closely misses you. The giant cockroach barely misses you.
You hit the giant cockroach.
You kill the giant cockroach!
Adjust (i)tems, (s)pells, or (a)bilities?
Adjust which item? (? for menu, Esc to quit)
d - a +0 club (weapon)
Adjust to which letter? (? for menu, Esc to quit)
a - a +0 club (weapon);
d - a +2 leather armour (worn)
Adjust (i)tems, (s)pells, or (a)bilities?
Adjust which item? (? for menu, Esc to quit)
e - a +0 dagger Adjust to which letter? (? for menu, Esc to quit)
b - a +0 dagger;
e - the Almanac of Ignition Adjust (i)tems, (s)pells, or (a)bilities?
Adjust which item? (? for menu, Esc to quit)
f - 2 bread rations Adjust to which letter? (? for menu, Esc to quit)
c - 2 bread rations;
f - the Guide on Transmigration
b - a +0 dagger (weapon)
The helpless goblin fails to defend itself.
You puncture the goblin!
You kill the goblin!
A hobgoblin comes into view. It is wielding a club.
The hobgoblin shouts!
a - a +0 club (weapon)
A hobgoblin is nearby!
Found 2 fruits.
You closely miss the hobgoblin. The hobgoblin misses you.
You completely miss the hobgoblin. The hobgoblin hits you with a club.
* * * LOW HITPOINT WARNING * * *
The hobgoblin hits you with a club.
* * * LOW HITPOINT WARNING * * *
The hobgoblin shouts!
You hit the hobgoblin.
The hobgoblin is moderately wounded.
The hobgoblin closely misses you.
You hit the hobgoblin.
The hobgoblin is severely wounded.
The hobgoblin misses you.
You closely miss the hobgoblin.
The hobgoblin is severely wounded.
The hobgoblin hits you with a club.
* * * LOW HITPOINT WARNING * * *
A giant cockroach comes into view.
You hit the hobgoblin but do no damage.
The hobgoblin is severely wounded.
The hobgoblin hits you but does no damage.
You closely miss the hobgoblin.
The hobgoblin is severely wounded.
The hobgoblin hits you with a club.
You die...

## # .## .# ##.
..###.# #..
...##.# ..#
....#.# #.####
......#
####.%..
.8.##.# #.....#
......# #.#
≈###..# #. #@#
≈# #..# #.##g#
≈# #..# #.##g#
## #..###
#.##.# #....#
#.##.# #.##.#
#.##s# #.##.#
###.##.###
..##)#
#..†.....##.###
#####.#
#.#.##....g....


You could see a giant cockroach and 2 hobgoblins.

Vanquished Creatures
  2 giant cockroaches (D:1)
  A goblin (D:1)
  A hobgoblin (D:1)
  A rat (D:1)
5 creatures vanquished.

Notes
Turn   | Place    | Note
-------+----------+-------------------------------------------
     0 | D:1      | tidbits the High Elf Wanderer began the quest for the Orb.
     0 | D:1      | tidbits set off with: a +2 leather armour, the Almanac of Ignition, the Guide on Transmigration, a +0 club, a +0 dagger, a bread ration
     0 | D:1      | Reached XP level 1. HP: 13/13 MP: 3/3
     0 | D:1      | Identified the Almanac of Ignition
     0 | D:1      | Identified the Guide on Transmigration
    87 | D:1      | Slain by a hobgoblin

Action                   || total
-------------------------++-------
Melee: Club              ||    29
       Dagger            ||     1
 Stab: Sleeping          ||     1
Armor: Leather armour    ||     8
Dodge: Dodged            ||    20

Table legend:
 A = Turns spent in this place as a percentage of turns spent in the entire game.
 B = Non-inter-level travel turns spent in this place as a percentage of non-inter-level travel turns spent in the entire game.
 C = Inter-level travel turns spent in this place as a percentage of turns spent in this place.
 D = Turns resting spent in this place as a percentage of non-inter-level travel turns spent in this place.
 E = Turns spent auto-exploring this place as a percentage of non-inter-level travel turns spent in this place.
 F = Non-inter-level travel turns spent in this place divided by the number of levels of this place that you've seen.
                   A       B       C       D       E      F
               +-------+-------+-------+-------+-------+----------------------
         Total | 100.0 | 100.0 |   0.0 |   0.0 |   0.0 |  88.0
       Dungeon | 100.0 | 100.0 |   0.0 |   0.0 |   0.0 |  88.0
               +-------+-------+-------+-------+-------+----------------------

Table legend:
 A = Kills in this place as a percentage of kills in entire the game.
 B = Kills by you in this place as a percentage of kills by you in the entire game.
 C = Kills by friends in this place as a percentage of kills by friends in the entire game.
 D = Other kills in this place as a percentage of other kills in the entire game.
 E = Experience gained in this place as a percentage of experience gained in the entire game.
 F = Experience gained in this place divided by the number of levels of this place that you have seen.
                   A       B       C       D       E      F
               +-------+-------+-------+-------+-------+----------------------
         Total | 100.0 | 100.0 |  -nan |  -nan | 100.0 |   9.0
       Dungeon | 100.0 | 100.0 |  -nan |  -nan | 100.0 |   9.0
               +-------+-------+-------+-------+-------+----------------------

Vault maps used:
D:1:      grunt_arrival_lava_bath
